 Dungeon Crawl Stone Soup version 0.22-a0-48-g8770677 (webtiles) character file.

6057 gmonis the Basher (level 10, 0/91 HPs)
             Began as a Minotaur Berserker on Jan 7, 2018.
             Was an Elder of Trog.
             Slain by a manticore (11 damage)
             ... on level 9 of the Dungeon.
             The game lasted 00:15:28 (8805 turns).

gmonis the Basher (Minotaur Berserker)              Turns: 8805, Time: 00:15:30

Health: 0/91       AC:  6    Str: 29    XL:     10   Next: 57%
Magic:  9/9        EV: 13    Int:  4    God:    Trog [****..]
Gold:   459        SH:  0    Dex:  9    Spells: 9/9 levels left

rFire    + . .     SeeInvis .   a - +0 mace
rCold    . . .     Gourm    .   (no shield)
rNeg     . . .     Faith    .   y - +0 ring mail
rPois    .         Spirit   .   (helmet restricted)
rElec    .         Reflect  .   (no cloak)
rCorr    .         Harm     .   (no gloves)
MR       .....                  (no boots)
Stlth    ..........             (no amulet)
HPRegen  0.25/turn              o - ring of protection from fire
MPRegen  0.11/turn              B - +3 ring of strength

@: berserk cooldown, slowed, very slow
A: retaliatory headbutt, horns 2
a: Berserk, Trog's Hand, Brothers in Arms, Burn Spellbooks, Renounce Religion


You were on level 9 of the Dungeon.
You worshipped Trog.
Trog was greatly pleased with you.
You were not hungry.

You visited 1 branch of the dungeon, and saw 9 of its levels.

You collected 459 gold pieces.

Inventory:

Hand Weapons
 a - a +0 mace (weapon)
 u - a +3 battleaxe
 v - a +3 battleaxe
 x - a +0 hunting sling
Missiles
 h - 192 stones (quivered)
Armour
 b - a +0 animal skin
 i - a +0 ring mail
 y - a +0 ring mail (worn)
Jewellery
 o - a ring of protection from fire (left hand)
 B - a +3 ring of strength (right hand)
 F - an uncursed ring of stealth {unknown}
Wands
 q - a wand of digging (17)
 w - a wand of disintegration (11)
 z - a wand of clouds (7)
Scrolls
 f - 6 scrolls of identify
 g - a scroll of noise {unknown}
 j - 6 scrolls of enchant weapon
 k - 3 scrolls of remove curse
 l - 2 scrolls of enchant armour {unknown}
 m - 3 scrolls of teleportation {unknown}
 n - a scroll of fear {unknown}
 s - 2 scrolls of magic mapping {unknown}
 A - a scroll of brand weapon {unknown}
 D - a scroll of fog {unknown}
Potions
 d - 2 potions of resistance {unknown}
 e - 2 potions of curing {unknown}
 p - a potion of flight {unknown}
 r - 4 potions of magic {unknown}
 t - a potion of heal wounds {unknown}
 G - a potion of lignification {unknown}
 H - a potion of brilliance {unknown}
Books
 E - a book of Misfortune

   Spells                             Type                      Level
   a - Confusing Touch                Hexes                        1
   b - Confuse                        Hexes                        3
   c - Gell's Gravitas                Translocation                3
   d - Petrify                        Transmutation/Earth          4
   e - Metabolic Englaciation         Hexes/Ice                    5
   f - Yara's Violent Unravelling     Hexes/Transmutation          5
   Trog disapproves of the use of such an item.
Comestibles
 c - 15 rations


   Skills:
 + Level 9.1 Fighting
 - Level 14.1 Maces & Flails
 + Level 8.2 Armour
 + Level 5.4 Dodging


You had 9 spell levels left.
You didn't know any spells.

Dungeon Overview and Level Annotations

Branches:
Dungeon (9/15)             Temple (0/1) D:6
   Lair: D:8-11         Orc: D:9-12

Altars:
Nemelex Xobeh
Ru


Innate Abilities, Weirdness & Mutations

You reflexively headbutt those who attack you in melee.
You have a pair of horns on your head.


Message History

Found 11 gold pieces.
You feel the effects of Trog's Hand fading.
The manticore flicks its tail.
The volley of spikes misses you. The manticore bites your ogre!!
The manticore claws your ogre! The manticore claws your ogre.
The manticore bites your ogre!!
Your ogre dies!
Your ogre's corpse disappears in a puff of smoke!
The manticore bites you! The manticore claws you!
* * * LOW HITPOINT WARNING * * *
The manticore claws you.
* * * LOW HITPOINT WARNING * * *
You barely miss the manticore. You headbutt the manticore.
The manticore is lightly wounded.
Your skin stops crawling.
You feel less resistant to hostile enchantments.
The manticore misses you. The manticore claws you!
* * * LOW HITPOINT WARNING * * *
The manticore claws you!
You die...

#....##...##...#..#
##...##..#..##...#.#
##...##..###..##....#
##...##..##"##..##...#
....##..##..|##(.##..#
.#.##..##...##..##...##
..##.W##.)#'#..##..##.#
.$...##.H##...##..##.##
#...##.@##)..##(.##..#
##...##..##=##..##.#.#
##..l##.)###†)##.#..#
##...##..#..##.##.##
#....##...##.## .#
#.#...##.##.## .#
#.##...###.## #.
##...#..# #....#.#


You could see a manticore, a phantom and an iguana.

Vanquished Creatures
  Pikel (D:8)
  The ghost of gmonis the Basher, a novice MiBe of Trog (D:5)
  Psyche (D:8)
  A slime creature (D:9)
  Grinder (D:3)
  5 hippogriffs
  Eustachio (D:6)
  The ghost of KristoblXynda the Sneak, an amateur NaWz of Xom (D:3)
  2 orc warriors
  2 ice beasts (D:7)
  A phantom (D:7)
  A sky beast (D:5)
  2 ogres
  A necrophage (D:7)
  3 centaurs
  3 bullfrogs (D:7)
  A wyvern zombie (D:9)
  3 scorpions
  A water moccasin skeleton (D:4)
  4 wights (D:7)
  3 howler monkeys (D:8)
  2 crimson imps (D:5)
  2 bullfrog zombies
  3 centaur skeletons
  A jelly (D:7)
  4 orc priests
  A centaur zombie (D:8)
  4 hounds
  A bullfrog skeleton (D:8)
  4 iguanas
  6 worker ants
  Natasha (thrice) (D:2)
  7 orc wizards
  Robin (D:3)
  3 adders
  3 shadow imps
  An ooze (D:4)
  An adder zombie (D:7)
  2 worms (D:4)
  2 dart slugs (D:1)
  9 leopard geckos
  25 orcs
  8 bats
  2 giant cockroaches
  9 goblins
  11 hobgoblins
  12 jackals
  10 kobolds
  A quokka (D:8)
  4 frilled lizards
  2 quokka zombies
  5 rats
188 creatures vanquished.

Vanquished Creatures (collateral kills)
  A two-headed ogre (D:9)
1 creature vanquished.

Vanquished Creatures (others)
  An adder (D:8)
1 creature vanquished.

Grand Total: 190 creatures vanquished

Notes
Turn   | Place    | Note
-------+----------+-------------------------------------------
     0 | D:1      | gmonis the Minotaur Berserker began the quest for the Orb.
     0 | D:1      | Reached XP level 1. HP: 19/19 MP: 0/0
    60 | D:1      | Reached XP level 2. HP: 17/27 MP: 1/1
   192 | D:1      | Reached skill level 4 in Maces & Flails
   636 | D:1      | Reached ** piety under Trog
   636 | D:1      | Reached XP level 3. HP: 33/33 MP: 2/2
   915 | D:2      | Found a sacrificial altar of Ru.
   923 | D:2      | Reached skill level 5 in Maces & Flails
  1027 | D:2      | Noticed Natasha
  1035 | D:2      | Killed Natasha
  1035 | D:2      | Reached XP level 4. HP: 40/40 MP: 3/3
  1074 | D:2      | Noticed Natasha
  1081 | D:2      | Killed Natasha
  1081 | D:2      | Reached skill level 6 in Maces & Flails
  1540 | D:2      | Noticed Natasha
  1546 | D:2      | Killed Natasha
  1830 | D:3      | Reached XP level 5. HP: 46/46 MP: 4/4
  1953 | D:3      | Noticed Robin
  1976 | D:3      | Killed Robin
  1976 | D:3      | Reached *** piety under Trog
  1989 | D:3      | Reached skill level 7 in Maces & Flails
  2197 | D:3      | Noticed Grinder
  2209 | D:3      | Killed Grinder
  2209 | D:3      | Reached skill level 8 in Maces & Flails
  2209 | D:3      | Reached XP level 6. HP: 38/52 MP: 5/5
  2360 | D:3      | Noticed KristoblXynda's ghost (amateur NaWz)
  2370 | D:3      | Killed KristoblXynda's ghost
  2370 | D:3      | Reached skill level 9 in Maces & Flails
  2798 | D:4      | Reached XP level 7. HP: 51/58 MP: 6/6
  3138 | D:4      | Reached skill level 10 in Maces & Flails
  3230 | D:4      | Reached **** piety under Trog
  3781 | D:5      | Entered Level 5 of the Dungeon
  3783 | D:5      | Noticed gmonis's ghost (novice MiBe)
  3795 | D:5      | Killed gmonis's ghost
  3795 | D:5      | Reached skill level 12 in Maces & Flails
  3795 | D:5      | Reached XP level 8. HP: 66/66 MP: 7/7
  4697 | D:6      | Reached skill level 13 in Maces & Flails
  4698 | D:6      | Found a staircase to the Ecumenical Temple.
  5412 | D:6      | Noticed Eustachio
  5419 | D:6      | Killed Eustachio
  5419 | D:6      | Reached XP level 9. HP: 71/71 MP: 8/8
  5659 | D:7      | Reached skill level 14 in Maces & Flails
  6019 | D:7      | Reached skill level 5 in Fighting
  6019 | D:7      | Reached skill level 5 in Armour
  7107 | D:8      | Noticed Pikel
  7119 | D:8      | Killed Pikel
  7119 | D:8      | Reached XP level 10. HP: 69/86 MP: 9/9
  7672 | D:8      | Found a sparkling altar of Nemelex Xobeh.
  7798 | D:8      | Noticed Psyche
  7823 | D:8      | Killed Psyche
  7825 | D:8      | Reached ***** piety under Trog
  8568 | D:9      | Reached skill level 5 in Dodging
  8647 | D:9      | Noticed a two-headed ogre
  8650 | D:9      | Noticed a manticore
  8795 | D:9      | Killed a two-headed ogre
  8805 | D:9      | Slain by a manticore

Vault maps used:
D:1:      nicolae_arrival_washed_ashore
D:2:      nicolae_ru_the_path_less_chosen, uniq_natasha
D:3:      uniq_grinder, uniq_robin
D:5:      first_ration
D:6:      minmay_temple_entry_trees, uniq_eustachio
D:8:      nemelex_xobeh_ov_fountains_minmay, minmay_checkerbox, uniq_psyche,
          uniq_pikel
D:9:      kb_forest_paths, orc_0_dummy, minmay_diamond_spiral

Skill      XL: |  1  2  3  4  5  6  7  8  9 10 |
---------------+-------------------------------+-----
Maces & Flails | 4 5 6 8 9 12 13 14 | 14.1
Fighting       | 7 9 |  9.1
Armour         | 7 8 |  8.2
Dodging        | 4 5 |  5.4

Action                   |  1- 3 |  4- 6 |  7- 9 | 10-12 || total
-------------------------+-------+-------+-------+-------++-------
Melee: Mace              |    66 |    97 |   282 |   107 ||   552
       Headbutt          |    10 |    10 |    53 |    22 ||    95
Throw: Stone             |       |     2 |     4 |       ||     6
Invok: Berserk           |     1 |     2 |     6 |     1 ||    10
       Trog's Hand       |       |       |       |     1 ||     1
       Brothers in Arms  |       |       |       |     1 ||     1
  Use: Scroll            |       |       |       |     2 ||     2
  Eat: Chunk             |       |     8 |    19 |     4 ||    31
       Ration            |       |       |       |     1 ||     1
Armor: Animal skin       |     4 |       |       |       ||     4
       Ring mail         |     8 |    45 |    59 |    18 ||   130
Dodge: Dodged            |    58 |    57 |   122 |    58 ||   295

Table legend:
 A = Spawn XP
 B = Non-spawn XP
 C = Spawn XP percentage of total XP
 D = Spawn monster count
 E = Non-spawn monster count
 F = Spawn count percentage of total count
 G = Total turns spent on level
                    A         B        C        D         E        F      G
               +---------+---------+-------+---------+---------+-------+---------
         Total |       0 |    8654 |   0.0 |       0 |     189 |   0.0 |  8805
               +---------+---------+-------+---------+---------+-------+---------
           D:1 |       0 |      48 |   0.0 |       0 |      23 |   0.0 |   888
           D:2 |       0 |     144 |   0.0 |       0 |      20 |   0.0 |   925
           D:3 |       0 |     531 |   0.0 |       0 |      32 |   0.0 |   938
           D:4 |       0 |     537 |   0.0 |       0 |      28 |   0.0 |  1030
           D:5 |       0 |    1012 |   0.0 |       0 |       9 |   0.0 |   887
           D:6 |       0 |     699 |   0.0 |       0 |      18 |   0.0 |   981
           D:7 |       0 |    2410 |   0.0 |       0 |      26 |   0.0 |  1428
           D:8 |       0 |    1985 |   0.0 |       0 |      25 |   0.0 |  1487
           D:9 |       0 |    1288 |   0.0 |       0 |       8 |   0.0 |   241
               +---------+---------+-------+---------+---------+-------+---------
